TOP OF THE 1ST |
El Paso Chihuahuas batting - Pitching for Albuquerque Isotopes : RHP Austin Akers
|
Pitching: RHP Austin Akers
|
|
Batting: RHB Robby Godwin
|
0-0: Ball 1-0: Called Strike 1-1: DOUBLE (Flyball, 78D, EV 89.4 MPH)
|
Batting: RHB Jeff Brower
|
0-0: Foul Ball, location: 2F 0-1: Ball Wild Pitch! Robby Godwin to third 1-1: Called Strike 1-2: Ball 2-2: Ball 3-2: Foul Ball, location: 2F 3-2: Strikes out looking
|
Batting: RHB Mike Hayward
|
0-0: Foul Ball, location: 2F 0-1: Called Strike 0-2: Ball 1-2: Fly out, F3 (Popup, 3SF, EV 86.2 MPH)
|
Batting: SHB Adam Martin
|
0-0: Ball 1-0: Ground out 5-3 (Groundball, 15, EV 79.4 MPH)
|
Top of the 1st over - 0 runs, 1 hit, 0 errors, 1 left on base; El Paso 0 - Albuquerque 0 |
BOTTOM OF THE 1ST |
Albuquerque Isotopes batting - Pitching for El Paso Chihuahuas : RHP Aaron Saenz
|
Pitching: RHP Aaron Saenz
|
|
Batting: SHB Jamel Wright
|
0-0: Ball 1-0: Called Strike 1-1: Ground out 6-3 (Groundball, 6M, EV 86.2 MPH)
|
Batting: RHB Sadataka Kuwahara
|
0-0: Ball 1-0: Swinging Strike 1-1: Ball 2-1: Ground out 4-3 (Groundball, 4, EV 79.4 MPH)
|
Batting: LHB Jason Raker
|
0-0: Ball 1-0: Ball 2-0: Ball 3-0: Called Strike 3-1: Fly out, F8 (Line Drive, 8LD, EV 95.0 MPH)
|
Bottom of the 1st over - 0 runs, 0 hits, 0 errors, 0 left on base; El Paso 0 - Albuquerque 0 |
TOP OF THE 2ND |
El Paso Chihuahuas batting - Pitching for Albuquerque Isotopes : RHP Austin Akers
|
Batting: RHB Jerry Escamilla
|
0-0: Ball 1-0: Foul Ball, location: 2F 1-1: Foul Ball, location: 2F 1-2: Ball 2-2: Foul Ball, location: 2F 2-2: Ground out 5-3 (Groundball, 25, EV 84.4 MPH)
|
Batting: LHB Angel Mejia
|
0-0: Swinging Strike 0-1: Ball 1-1: Ball 2-1: Called Strike 2-2: Ball 3-2: SOLO HOME RUN (Flyball, 9D, EV 103.8 MPH), Distance : 400 ft
|
Batting: LHB Hugo MacBeth
|
0-0: Swinging Strike 0-1: Foul Ball, location: 2F 0-2: Ball 1-2: DOUBLE (Groundball, 5L, EV 106.2 MPH)
|
Batting: RHB Danny Bunn
|
0-0: Called Strike 0-1: Ball 1-1: Foul Ball, location: 2F 1-2: Strikes out swinging
|
Batting: SHB Harrison McLaughlin
|
0-0: Ball 1-0: Called Strike 1-1: Swinging Strike 1-2: Strikes out swinging
|
Top of the 2nd over - 1 run, 2 hits, 0 errors, 1 left on base; El Paso 1 - Albuquerque 0 |
BOTTOM OF THE 2ND |
Albuquerque Isotopes batting - Pitching for El Paso Chihuahuas : RHP Aaron Saenz
|
Batting: SHB D.J. Codd
|
0-0: Ball 1-0: Ball 2-0: Foul Ball, location: 2F 2-1: Called Strike 2-2: Ball 3-2: Foul Ball, location: 2F 3-2: Strikes out swinging
|
Batting: LHB Gabe Harvey
|
0-0: Swinging Strike 0-1: Swinging Strike 0-2: Ball 1-2: SINGLE (Groundball, 5D, EV 99.4 MPH)
|
Batting: RHB Vinny Estrada
|
0-0: Foul Ball, location: 2F 0-1: Foul Ball, location: 2F 0-2: Ball 1-2: Ball 2-2: Foul Ball, location: 2F 2-2: Ball 3-2: Base on Balls Gabe Harvey to second
|
Batting: RHB Hector Silva
|
0-0: Ball 1-0: Ball 2-0: Called Strike 2-1: Grounds into double play, 5-4-3 (Groundball, 5, EV 91.9 MPH)
|
Bottom of the 2nd over - 0 runs, 1 hit, 0 errors, 1 left on base; El Paso 1 - Albuquerque 0 |
TOP OF THE 3RD |
El Paso Chihuahuas batting - Pitching for Albuquerque Isotopes : RHP Austin Akers
|
Batting: RHB Robby Godwin
|
0-0: Called Strike 0-1: Ball 1-1: SINGLE (Groundball, 6M, EV 95.0 MPH) (infield hit)
|
Batting: RHB Jeff Brower
|
0-0: Ball Robby Godwin is caught stealing 2nd base 2-4 1-0: Swinging Strike 1-1: Ball 2-1: Foul Ball, location: 2F 2-2: SINGLE (Groundball, 6S, EV 76.9 MPH) (infield hit)
|
Batting: RHB Mike Hayward
|
0-0: Ball Jeff Brower steals 2nd base 1-0: Ball 2-0: Ball 3-0: Base on Balls
|
Batting: SHB Adam Martin
|
0-0: Swinging Strike 0-1: 3-RUN HOME RUN (Flyball, 9D, EV 99.4 MPH), Distance : 400 ft
|
Batting: RHB Jerry Escamilla
|
0-0: Ball 1-0: Called Strike 1-1: Ground out U3 (Groundball, 3S, EV 87.5 MPH)
|
Batting: LHB Angel Mejia
|
0-0: Ball 1-0: Foul Ball, location: 2F 1-1: Called Strike 1-2: Strikes out looking
|
Top of the 3rd over - 3 runs, 3 hits, 0 errors, 0 left on base; El Paso 4 - Albuquerque 0 |
BOTTOM OF THE 3RD |
Albuquerque Isotopes batting - Pitching for El Paso Chihuahuas : RHP Aaron Saenz
|
Batting: RHB Logan Morgan
|
0-0: Ball 1-0: Ball 2-0: Ball 3-0: Called Strike 3-1: Base on Balls
|
Batting: RHB Herb McIntyre
|
0-0: Ball Logan Morgan steals 2nd base (no throw) 1-0: Called Strike 1-1: Ball 2-1: Ball 3-1: Called Strike 3-2: Ground out 6-3 (Groundball, 6, EV 84.4 MPH) Logan Morgan to third
|
Batting: SHB Jamel Wright
|
0-0: Fly out, F8 (Flyball, 8RD, EV 86.2 MPH) Runner from 3rd tags up, SCORES, no throw by CF
|
Batting: RHB Sadataka Kuwahara
|
0-0: Called Strike 0-1: Ball 1-1: Ball 2-1: Ground out 2-3 (Groundball, 2L, EV 73.1 MPH)
|
Bottom of the 3rd over - 1 run, 0 hits, 0 errors, 0 left on base; El Paso 4 - Albuquerque 1 |
TOP OF THE 4TH |
El Paso Chihuahuas batting - Pitching for Albuquerque Isotopes : RHP Austin Akers
|
Batting: LHB Hugo MacBeth
|
0-0: Fly out, F9 (Line Drive, 89D, EV 103.8 MPH)
|
Batting: RHB Danny Bunn
|
0-0: Ball 1-0: Foul Ball, location: 2F 1-1: Swinging Strike 1-2: Foul Ball, location: 2F 1-2: Ball 2-2: Ball 3-2: Foul Ball, location: 2F 3-2: SINGLE (Flyball, 5D, EV 88.1 MPH)
|
Batting: SHB Harrison McLaughlin
|
0-0: Ball 1-0: Ball 2-0: Called Strike 2-1: Ball 3-1: Foul Ball, location: 2F 3-2: SINGLE (Groundball, 5D, EV 103.1 MPH) Danny Bunn to second Runner from 2nd tries for 3rd, SAFE, throw by LF made to third
|
Batting: RHB Robby Godwin
|
0-0: Ball 1-0: Called Strike 1-1: Ball 2-1: Ball 3-1: Called Strike 3-2: Strikes out looking
|
Batting: RHB Jeff Brower
|
0-0: Ball 1-0: Foul Ball, location: 2F 1-1: Ball 2-1: Fielders Choice at 2nd, 5-4 (Groundball, 56, EV 80.6 MPH)
|
Top of the 4th over - 0 runs, 2 hits, 0 errors, 2 left on base; El Paso 4 - Albuquerque 1 |
BOTTOM OF THE 4TH |
Albuquerque Isotopes batting - Pitching for El Paso Chihuahuas : RHP Aaron Saenz
|
Batting: LHB Jason Raker
|
0-0: Swinging Strike 0-1: Ball 1-1: Foul Ball, location: 2F 1-2: Ball 2-2: Foul Ball, location: 2F 2-2: Ball 3-2: Foul Ball, location: 2F 3-2: SINGLE (Line Drive, 9S, EV 97.5 MPH)
|
Batting: SHB D.J. Codd
|
0-0: Foul Ball, location: 2F 0-1: Swinging Strike 0-2: Foul Ball, location: 2F 0-2: Fielders Choice at 2nd, 4-6 (Groundball, 4, EV 90.0 MPH)
|
Batting: LHB Gabe Harvey
|
0-0: Ball 1-0: Ball 2-0: Foul Ball, location: 2F 2-1: Grounds into double play, 5-4-3 (Groundball, 5S, EV 85.6 MPH)
|
Bottom of the 4th over - 0 runs, 1 hit, 0 errors, 0 left on base; El Paso 4 - Albuquerque 1 |
TOP OF THE 5TH |
El Paso Chihuahuas batting - Pitching for Albuquerque Isotopes : RHP Austin Akers
|
Batting: RHB Mike Hayward
|
0-0: Ball 1-0: SINGLE (Line Drive, 34, EV 95.0 MPH)
|
Batting: SHB Adam Martin
|
0-0: DOUBLE (Flyball, 89D, EV 99.4 MPH) Mike Hayward to third
|
Batting: RHB Jerry Escamilla
|
0-0: Ball 1-0: Foul Ball, location: 2F 1-1: SINGLE (Groundball, 6MD, EV 103.1 MPH) Mike Hayward scores Adam Martin to third Runner from 3rd tries for Home, throw by CF and OUT! 8-2
|
Batting: LHB Angel Mejia
|
0-0: Swinging Strike 0-1: Called Strike 0-2: Strikes out swinging
|
Batting: LHB Hugo MacBeth
|
0-0: Ball 1-0: SINGLE (Groundball, 6MS, EV 72.5 MPH) (infield hit) Jerry Escamilla to second
|
Batting: RHB Danny Bunn
|
0-0: Fielders Choice at 2nd, 6-4 (Groundball, 6, EV 104.4 MPH)
|
Top of the 5th over - 1 run, 4 hits, 0 errors, 2 left on base; El Paso 5 - Albuquerque 1 |
BOTTOM OF THE 5TH |
Albuquerque Isotopes batting - Pitching for El Paso Chihuahuas : RHP Aaron Saenz
|
Batting: RHB Vinny Estrada
|
0-0: Called Strike 0-1: Ball 1-1: Ball 2-1: Ground out 4-3 (Groundball, 4, EV 85.0 MPH)
|
Batting: RHB Hector Silva
|
0-0: Foul Ball, location: 2F 0-1: Foul Ball, location: 2F 0-2: Ball 1-2: SOLO HOME RUN (Flyball, 7D, EV 98.1 MPH), Distance : 369 ft
|
Batting: RHB Logan Morgan
|
0-0: Ball 1-0: Called Strike 1-1: Foul Ball, location: 2F 1-2: Ball 2-2: Fly out, F7 (Line Drive, 7, EV 91.2 MPH)
|
Batting: RHB Herb McIntyre
|
0-0: Ball 1-0: Swinging Strike 1-1: Called Strike 1-2: Ball 2-2: Fly out, F7 (Line Drive, 7, EV 101.9 MPH)
|
Bottom of the 5th over - 1 run, 1 hit, 0 errors, 0 left on base; El Paso 5 - Albuquerque 2 |
TOP OF THE 6TH |
El Paso Chihuahuas batting - Pitching for Albuquerque Isotopes : RHP Austin Akers
|
Batting: SHB Harrison McLaughlin
|
0-0: Ball 1-0: Ball 2-0: Ball 3-0: Base on Balls
|
Pitching: RHP Josh Kenyon
|
|
Batting: RHB Robby Godwin
|
0-0: Called Strike 0-1: Ball 1-1: Swinging Strike 1-2: Ball 2-2: SINGLE (Line Drive, 6D, EV 96.9 MPH) Harrison McLaughlin to second
|
Batting: RHB Jeff Brower
|
0-0: Ball 1-0: SINGLE (Flyball, 8RS, EV 96.2 MPH) Harrison McLaughlin to third Robby Godwin to second
|
Batting: RHB Mike Hayward
|
0-0: Ball 1-0: Ball 2-0: Called Strike 2-1: Ball 3-1: Foul Ball, location: 2F 3-2: Base on Balls Harrison McLaughlin scores Robby Godwin to third Jeff Brower to second
|
Batting: SHB Adam Martin
|
0-0: Called Strike 0-1: Foul Ball, location: 2F 0-2: Ball 1-2: Grounds into double play, 4-6-3 (Groundball, 4S, EV 87.5 MPH) Robby Godwin scores Jeff Brower to third
|
Batting: RHB Jerry Escamilla
|
0-0: Ball 1-0: Ball 2-0: Foul Ball, location: 2F 2-1: Foul Ball, location: 2F 2-2: Foul Ball, location: 2F 2-2: Ball 3-2: SINGLE (Flyball, 34D, EV 92.5 MPH) Jeff Brower scores
|
Batting: LHB Angel Mejia
|
Pickoff Throw to First - Out! 1-3
|
Top of the 6th over - 3 runs, 3 hits, 0 errors, 0 left on base; El Paso 8 - Albuquerque 2 |
BOTTOM OF THE 6TH |
Albuquerque Isotopes batting - Pitching for El Paso Chihuahuas : RHP Aaron Saenz
|
Batting: SHB Jamel Wright
|
0-0: Called Strike 0-1: Ball 1-1: Ball 2-1: Swinging Strike 2-2: Fly out, F8 (Line Drive, 8RM, EV 108.8 MPH)
|
Batting: RHB Sadataka Kuwahara
|
0-0: Ball 1-0: Fly out, F8 (Flyball, 89S, EV 80.6 MPH)
|
Batting: LHB Jason Raker
|
0-0: Ball 1-0: Called Strike 1-1: Foul Ball, location: 2F 1-2: DOUBLE (Line Drive, 3D, EV 110.0 MPH)
|
Pitching: LHP John Schipper
|
|
Batting: SHB D.J. Codd
|
0-0: Foul Ball, location: 2F 0-1: Fly out, F8 (Flyball, 8RXD, EV 89.4 MPH)
|
Bottom of the 6th over - 0 runs, 1 hit, 0 errors, 1 left on base; El Paso 8 - Albuquerque 2 |
TOP OF THE 7TH |
El Paso Chihuahuas batting - Pitching for Albuquerque Isotopes : RHP Josh Kenyon
|
Batting: LHB Angel Mejia
|
0-0: Called Strike 0-1: Foul Ball, location: 2F 0-2: Ball 1-2: Fly out, F7 (Flyball, 78M, EV 85.6 MPH)
|
Batting: LHB Hugo MacBeth
|
0-0: Ball 1-0: Ball 2-0: Foul Ball, location: 2F 2-1: Ground out 4-3 (Groundball, 4, EV 91.2 MPH)
|
Batting: RHB Danny Bunn
|
0-0: Ball 1-0: SINGLE (Groundball, 6M, EV 108.1 MPH)
|
Batting: SHB Harrison McLaughlin
|
0-0: Ball 1-0: Ball 2-0: Called Strike 2-1: Ground out 4-3 (Groundball, 4S, EV 63.8 MPH)
|
Top of the 7th over - 0 runs, 1 hit, 0 errors, 1 left on base; El Paso 8 - Albuquerque 2 |
BOTTOM OF THE 7TH |
Albuquerque Isotopes batting - Pitching for El Paso Chihuahuas : LHP John Schipper
|
Batting: LHB Gabe Harvey
|
0-0: Called Strike 0-1: Swinging Strike 0-2: Strikes out looking
|
Batting: RHB Vinny Estrada
|
0-0: Ball 1-0: Swinging Strike 1-1: Fly out, F5 (Line Drive, 5, EV 67.5 MPH)
|
Batting: RHB Hector Silva
|
0-0: Ball 1-0: Ground out 5-3 (Groundball, 5L, EV 105.6 MPH)
|
Bottom of the 7th over - 0 runs, 0 hits, 0 errors, 0 left on base; El Paso 8 - Albuquerque 2 |
TOP OF THE 8TH |
El Paso Chihuahuas batting - Pitching for Albuquerque Isotopes : RHP Josh Kenyon
|
Pitching: RHP Justin Judson
|
|
Batting: RHB Robby Godwin
|
0-0: Ball 1-0: Swinging Strike 1-1: Ball 2-1: Swinging Strike 2-2: Strikes out swinging
|
Batting: RHB Jeff Brower
|
0-0: Called Strike 0-1: Ground out U3 (Groundball, 3S, EV 71.9 MPH)
|
Batting: RHB Mike Hayward
|
0-0: Ball 1-0: Ball 2-0: Ball 3-0: Called Strike 3-1: Foul Ball, location: 2F 3-2: Base on Balls
|
Batting: SHB Adam Martin
|
0-0: Called Strike 0-1: Called Strike 0-2: Ball 1-2: Ball 2-2: Foul Ball, location: 2F 2-2: Ground out 1-3 (Groundball, 34S, EV 70.6 MPH)
|
Top of the 8th over - 0 runs, 0 hits, 0 errors, 1 left on base; El Paso 8 - Albuquerque 2 |
BOTTOM OF THE 8TH |
Albuquerque Isotopes batting - Pitching for El Paso Chihuahuas : LHP John Schipper
|
Batting: RHB Logan Morgan
|
0-0: Called Strike 0-1: Fly out, F7 (Flyball, 7D, EV 108.8 MPH)
|
Batting: RHB Herb McIntyre
|
0-0: Foul Ball, location: 2F 0-1: Swinging Strike 0-2: Foul Ball, location: 2F 0-2: Foul Ball, location: 2F 0-2: Ball 1-2: Strikes out swinging
|
Batting: SHB Jamel Wright
|
0-0: Ball 1-0: Ground out 6-3 (Groundball, 6S, EV 82.5 MPH)
|
Bottom of the 8th over - 0 runs, 0 hits, 0 errors, 0 left on base; El Paso 8 - Albuquerque 2 |
TOP OF THE 9TH |
El Paso Chihuahuas batting - Pitching for Albuquerque Isotopes : RHP Justin Judson
|
Batting: RHB Jerry Escamilla
|
0-0: Ball 1-0: Ball 2-0: Called Strike 2-1: Swinging Strike 2-2: Ground out 5-3 (Groundball, 56, EV 110.0 MPH)
|
Batting: LHB Angel Mejia
|
0-0: Fly out, F7 (Line Drive, 7, EV 95.0 MPH)
|
Batting: LHB Hugo MacBeth
|
0-0: Ball 1-0: Foul Ball, location: 2F 1-1: SINGLE (Groundball, 34D, EV 102.5 MPH)
|
Batting: RHB Danny Bunn
|
0-0: Fielders Choice at 2nd, 5-4 (Groundball, 5L, EV 103.8 MPH)
|
Top of the 9th over - 0 runs, 1 hit, 0 errors, 1 left on base; El Paso 8 - Albuquerque 2 |
BOTTOM OF THE 9TH |
Albuquerque Isotopes batting - Pitching for El Paso Chihuahuas : LHP John Schipper
|
Batting: RHB Sadataka Kuwahara
|
0-0: Ball 1-0: Swinging Strike 1-1: Ball 2-1: Foul Ball, location: 2F 2-2: Strikes out swinging
|
Batting: LHB Jason Raker
|
0-0: Ball 1-0: Called Strike 1-1: Foul Ball, location: 2F 1-2: Ball 2-2: Ball 3-2: Foul Ball, location: 2F 3-2: Strikes out swinging
|
Batting: SHB D.J. Codd
|
0-0: DOUBLE (Groundball, 5L, EV 103.8 MPH)
|
Batting: LHB Gabe Harvey
|
0-0: Called Strike 0-1: Foul Ball, location: 2F 0-2: Foul Ball, location: 2F 0-2: Ground out U3 (Groundball, 3, EV 104.4 MPH)
|
Bottom of the 9th over - 0 runs, 1 hit, 0 errors, 1 left on base; El Paso 8 - Albuquerque 2 |
|